 Dungeon Sprint DCSS version 0.26-a0-649-gf8c6c3aab7 (webtiles) character file.

Game seed: 6978610213168640222

2280 sahdkjhfkaj the Unseen (level 9, 0/39 HPs)
             Began as a Spriggan Enchanter on Sept 26, 2020.
             Was a Believer of Dithmenos.
             Slain by a centaur warrior (10 damage)
             ... in the Dungeon (Sprint I: "Red Sonja").
             The game lasted 00:02:39 (837 turns).

sahdkjhfkaj the Unseen (Spriggan Enchanter)          Turns: 837, Time: 00:02:40

Health: 0/39       AC:  2    Str:  4    XL:     9   Next: 16%
Magic:  14/23      EV: 18    Int: 17    God:    Dithmenos [**....]
Gold:   824        SH:  0    Dex: 19    Spells: 21/27 levels left

rFire    + . .     SeeInvis +   a - +1 dagger
rCold    . . .     Faith    .   (shield restricted)
rNeg     . . .     Spirit   .   b - +0 robe
rPois    .         Reflect  .   (helmet restricted)
rElec    .         Harm     .   (no cloak)
rCorr    .         Rampage  .   (gloves unavailable)
MR       +....     NoTele   +   (boots unavailable)
Stlth    +++++++++.             (no amulet)
HPRegen  0.13/turn              j - ring of protection from fire
MPRegen  0.18/turn              (no ring)

@: wreathed by umbra, very quick
A: very small, unfitting armour, see invisible, speed 3
a: Shadow Step, Renounce Religion


You were in the Dungeon.
You worshipped Dithmenos.
Dithmenos was pleased with you.
You visited 1 branch You collected 824 gold pieces.

Inventory:

Hand Weapons
 a - a +1 dagger (weapon)
Armour
 b - a +0 robe (worn)
Jewellery
 j - a ring of protection from fire (left hand)
Scrolls
 c - a scroll of magic mapping {unknown}
 h - a scroll of amnesia {unknown}
Potions
 d - 4 potions of curing
 f - a potion of haste
 g - 2 potions of magic
 k - a potion of brilliance {unknown}


   Skills:
 + Level 8.4 Short Blades
 - Level 3.0 Dodging
 + Level 20.5 Stealth
 + Level 9.5 Spellcasting
 * Level 12.9 Hexes


You had 21 spell levels left.
You knew the following spells:

 Your Spells              Type           Power        Failure   Level
a - Corona                Hex            ######.      1%          1
b - Ensorcelled Hibernat  Hex/Ice        ####..       1%          2
c - Confusing Touch       Hex            ######..     1%          3

Your spell library contained the following spells:

 Spells                   Type           Power        Failure   Level
 Dazzling Flash           Conj/Hex       ####..       1%          3
 Tukima's Dance           Hex            ######..     1%          3


Dungeon Overview and Level Annotations

Branches:
Dungeon (1/1)

Altars:
Cheibriados
Dithmenos
Elyvilon
Fedhas
Gozag
Hepliaklqana
Kikubaaqudgha
Makhleb
Nemelex Xobeh
Okawaru
Qazlal
Ru
Sif Muna
Trog
Uskayaw
Vehumet
Wu Jian
Xom
Yredelemnul
Zin
The Shining One
Jiyva
Lugonu

Shops:
D ?([


Innate Abilities, Weirdness & Mutations

You are very small and have problems with some larger weapons.
You are too small for most types of armour.
You have supernaturally acute eyesight. (SInv)
You cover ground extremely quickly.


Message History

The centaur warrior hits you.
Casting: Ensorcelled Hibernation (safe; 1% risk of failure)
Confirm with . or Enter, or press ? or * to list all spells.
Aiming: Ensorcelled Hibernation (safe; 1% risk of failure)
Press: ? - help, Shift-Dir - straight line, f/p - centaur warrior
Aim: a centaur warrior, quivering 17 arrows (umbra, chance to defeat MR: 41%)
The centaur warrior resists with some effort.
The centaur warrior closely misses you.
Your magical contamination has completely faded away.
Unknown command.
Casting: Ensorcelled Hibernation (safe; 1% risk of failure)
Confirm with . or Enter, or press ? or * to list all spells.
Aiming: Ensorcelled Hibernation (safe; 1% risk of failure)
Press: ? - help, Shift-Dir - straight line, f/p - centaur warrior
Aim: a centaur warrior, quivering 17 arrows (umbra, chance to defeat MR: 41%)
The centaur warrior resists with some effort.
The centaur warrior hits you!
* * * LOW HITPOINT WARNING * * *
The centaur warrior hits you!
You die...

#..#####'#####'#__####...s..#
#..####..#...#)####§§#####..+
#..#__####..##.#§§§§.# ##
#..#_____##'#_.+§≈c§§+
#⌠⌠#_.∩...'..._#(≈c§.#
####_..__##_.#'##'####
#_____###'#.#[§§(###
############.####'###.##
#∩........'...'@cc..'.∩#
###++++####.).##########
###.### #.#'#.# #.....#
#.[.).# #######


You could see 2 centaur warriors.

Vanquished Creatures
  Sonja (D)
  A deep troll (D)
  2 kobold demonologists (D)
  A slime creature (D)
  Sigmund (D)
  A yak (D)
  A floating eye (D)
  An ogre (D)
  A jelly (D)
  Ijyb (D)
11 creatures vanquished.

Vanquished Creatures (others)
  A gargoyle (D)
  2 ballistomycete spores (D)
3 creatures vanquished.

Grand Total: 14 creatures vanquished

Notes
Turn   | Place    | Note
-------+----------+-------------------------------------------
     0 | D        | sahdkjhfkaj the Spriggan Enchanter began the quest for the
                  | Orb.
     0 | D        | Reached XP level 1. HP: 9/9 MP: 5/5
     1 | D        | Noticed Ijyb
    14 | D        | Killed Ijyb
    14 | D        | Reached skill level 10 in Stealth
    14 | D        | Reached XP level 2. HP: 10/13 MP: 6/6
    14 | D        | Reached XP level 3. HP: 13/16 MP: 8/8
   145 | D        | Learned a level 2 spell: Ensorcelled Hibernation
   145 | D        | Noticed an ogre
   148 | D        | Killed an ogre
   148 | D        | Reached skill level 14 in Stealth
   148 | D        | Reached XP level 4. HP: 21/21 MP: 9/9
   157 | D        | Noticed Sigmund
   160 | D        | Killed Sigmund
   160 | D        | Reached skill level 18 in Stealth
   160 | D        | Reached XP level 5. HP: 24/24 MP: 10/10
   160 | D        | Reached XP level 6. HP: 28/28 MP: 11/11
   172 | D        | Found an ornate altar of the Wu Jian Council.
   172 | D        | Found a shimmering blue altar of Sif Muna.
   174 | D        | Found a radiant altar of Vehumet.
   212 | D        | Found Keitzip's Weapon Emporium.
   212 | D        | Found an ancient bone altar of Kikubaaqudgha.
   212 | D        | Found a hazy altar of Hepliaklqana.
   212 | D        | Found a stormy altar of Qazlal.
   212 | D        | Found a hide-covered altar of Uskayaw.
   212 | D        | Found a blossoming altar of Fedhas.
   212 | D        | Found a bloodstained altar of Trog.
   212 | D        | Found an iron altar of Okawaru.
   212 | D        | Found a basalt altar of Yredelemnul.
   212 | D        | Found a glowing golden altar of the Shining One.
   212 | D        | Found a snail-covered altar of Cheibriados.
   212 | D        | Found a sacrificial altar of Ru.
   212 | D        | Found a glowing silver altar of Zin.
   212 | D        | Found a shadowy altar of Dithmenos.
   212 | D        | Found a white marble altar of Elyvilon.
   212 | D        | Noticed a yak
   213 | D        | Found an opulent altar of Gozag.
   214 | D        | Killed a yak
   215 | D        | Found a sparkling altar of Nemelex Xobeh.
   221 | D        | Became a worshipper of Dithmenos the Shadowed
   230 | D        | Noticed Sonja
   234 | D        | Killed Sonja
   234 | D        | Reached skill level 19 in Stealth
   234 | D        | Reached skill level 10 in Hexes
   234 | D        | Reached XP level 7. HP: 32/32 MP: 12/18
   234 | D        | Reached XP level 8. HP: 36/36 MP: 12/19
   281 | D        | Found Cafyxiv's Magic Scroll Boutique.
   512 | D        | Noticed a deep troll
   516 | D        | Killed a deep troll
   537 | D        | Found Tageabe's Armour Emporium.
   557 | D        | Killed a gargoyle
   576 | D        | Found a viscous altar of Jiyva.
   576 | D        | Found a corrupted altar of Lugonu.
   576 | D        | Noticed a slime creature
   577 | D        | Found a burning altar of Makhleb.
   577 | D        | Found a shimmering altar of Xom.
   579 | D        | Killed a slime creature
   579 | D        | Reached * piety under Dithmenos
   579 | D        | Reached skill level 20 in Stealth
   596 | D        | Learned a level 3 spell: Confusing Touch
   596 | D        | Noticed a kobold demonologist
   596 | D        | Noticed a kobold demonologist
   602 | D        | Noticed a sun demon
   615 | D        | Noticed a sixfirhy
   618 | D        | Killed a kobold demonologist
   618 | D        | Reached XP level 9. HP: 38/39 MP: 11/23
   625 | D        | Noticed a rust devil
   636 | D        | Killed a kobold demonologist
   636 | D        | Reached ** piety under Dithmenos
   796 | D        | Noticed a demonic crawler
   796 | D        | Noticed a demonic crawler
   796 | D        | Noticed a demonic crawler
   796 | D        | Noticed a demonic crawler
   827 | D        | Noticed a centaur warrior
   827 | D        | Noticed a centaur warrior
   837 | D        | Slain by a centaur warrior

Illustrated notes

Levels and vault maps discovered:
D:        dungeon_sprint_1 [red_sonja_temple_1, red_sonja_temple_small_1]

Skill      XL: |  1  2  3  4  5  6  7  8 |
---------------+-------------------------+-----
Stealth        | 10 14 18 19 20 | 20.5
Spellcasting   | 7 9 |  9.5
Hexes          | 10 12 | 12.9
Short Blades   | 6 8 |  8.4
Dodging        | |  3.0

Action                   |  1- 3 |  4- 6 |  7- 9 || total
-------------------------+-------+-------+-------++-------
Melee: Dagger            |    11 |     4 |    32 ||    47
 Cast: Ensorcelled Hiber |       |     1 |     6 ||     7
       Confusing Touch   |       |       |     5 ||     5
  Use: Potion            |     1 |       |     1 ||     2
       Scroll            |       |       |     1 ||     1
 Stab: Sleeping          |     2 |     4 |     3 ||     9
       Confused          |       |       |     4 ||     4
       Petrifying        |       |       |     4 ||     4
Armor: Robe              |       |       |     1 ||     1
Dodge: Dodged            |     5 |     1 |    17 ||    23

Table legend: (Time is in decaauts)
 A = Elapsed time spent in this place.
 B = Non-inter-level travel time spent in this place.
 C = Inter-level travel time spent in this place.
 D = Time resting spent in this place.
 E = Time spent auto-exploring this place.
 F = Levels seen in this place.
 G = Mean time per level.
                   A        B        C        D        E       F      G
               +--------+--------+--------+--------+--------+-----+--------+
         Total |    749 |    749 |      0 |    512 |      0 |   1 |  749.0 |
       Dungeon |    749 |    749 |      0 |    512 |      0 |   1 |  749.0 |
               +--------+--------+--------+--------+--------+-----+--------+

Top non-repeatable levels by time:
       D: 749 daAuts
